Get step-by-step instructions on how to execute this build order below. Start the game timer, and the build order will tick by so you can play in parallel with StarCraft on a second screen or mobile device.

Game Time

  0:00

Last Step

  N/A

Next Step

Upcoming Step



Don't want to look back and forth between 2 screens? Try out our Overwolf App, the Spawning Tool Build Advisor to get an in-game overlay with this build!

Complete Build Order

  12  0:00  Probe  
  13  0:12  Probe  
  14  0:18  Pylon  
  14  0:24  Probe (Chrono Boost)  
  15  0:36  Probe (Chrono Boost)  
  15  0:38  Gateway  
  16  0:45  Probe (Chrono Boost)  
  17  0:50  Assimilator  
  17  0:51  Probe  
  18  1:03  Probe  
  19  1:15  Probe  
  20  1:27  Cybernetics Core  
  21  1:36  Nexus  
  20  1:42  Pylon  
  20  1:44  Probe  
  21  1:50  Assimilator  
  21  1:56  Probe  
  21  2:00  Adept (Chrono Boost)  
  24  2:09  Probe (Chrono Boost)  
  25  2:18  Probe (Chrono Boost), Pylon  
  26  2:23  Probe (Chrono Boost), Adept  
  29  2:33  Stargate  
  29  2:36  Warp Gate  
  29  2:40  Probe (Chrono Boost)  
  30  2:49  Probe (Chrono Boost)  
  31  2:56  Stalker  
  31  2:57  Probe (Chrono Boost)  
  31  2:58  Probe (Chrono Boost)  
  35  3:03  Probe x2 (Chrono Boost)  
  37  3:15  Probe x2  
  39  3:25  Assimilator  
  39  3:26  Assimilator  
  39  3:27  Probe x2  
  39  3:28  Pylon  
  39  3:30  Phoenix (Chrono Boost)  
  43  3:39  Probe  
  43  3:40  Robotics Facility, Probe  
  43  3:51  Probe  
  43  3:52  Probe  
  43  3:53  Phoenix (Chrono Boost)  
  47  3:59  Shield Battery  
  47  4:00  Gateway  
  47  4:04  Probe  
  47  4:05  Probe  
  49  4:14  Phoenix (Chrono Boost)  
  49  4:16  Probe  
  52  4:17  Probe  
  52  4:23  Pylon  
  53  4:28  Observer (Chrono Boost), Probe  
  53  4:29  Probe  
  56  4:33  Robotics Bay  
  56  4:39  Phoenix  
  56  4:44  Immortal (Chrono Boost)  
  62  4:56  Nexus  
  62  5:00  Probe, Pylon  
  62  5:05  Sentry  
  65  5:07  Phoenix  
  65  5:08  Probe  
  65  5:12  Probe  
  69  5:18  Pylon  
  69  5:20  Probe  
  70  5:21  Colossus (Chrono Boost)  
  70  5:28  Probe  
  76  5:32  Probe  
  76  5:40  Probe  
  76  5:41  Extended Thermal Lance  
  76  5:42  Phoenix  
  79  5:44  Probe  
  79  5:49  Forge  
  80  5:51  Pylon  
  80  5:52  Probe  
  80  5:56  Probe  
  82  6:04  Probe  
  82  6:07  Phoenix  
  82  6:09  Probe  
  82  6:10  Colossus (Chrono Boost)  
  86  6:13  Probe  
  86  6:16  Probe  
  94  6:20  Twilight Council  
  94  6:21  Protoss Ground Weapons Level 1 (Chrono Boost), Probe  
  94  6:25  Probe  
  96  6:29  Probe  
  96  6:30  Shield Battery  
  97  6:33  Probe  
  97  6:35  Pylon  
  97  6:37  Probe  
  99  6:42  Gateway  
  99  6:44  Gateway  
  99  6:49  Pylon  
  99  6:50  Photon Cannon, Shield Battery  
  99  6:55  Colossus, Pylon  
  99  7:00  Phoenix  
  107  7:02  Charge  
  107  7:04  Zealot  
  109  7:10  Zealot  
  109  7:13  Pylon  
  111  7:18  Gateway x2  
  111  7:22  Photon Cannon  
  111  7:26  Zealot  
  111  7:28  Phoenix, Pylon  
  115  7:35  Zealot  
  115  7:39  Pylon  
  115  7:41  Forge  
  113  7:46  Zealot x3  
  119  7:52  Observer (Chrono Boost)  
  119  7:53  Probe  
  120  8:05  Zealot  
  120  8:07  Zealot x3  
  120  8:09  Protoss Ground Armor Level 1 (Chrono Boost), Probe  
  129  8:13  Pylon, Probe  
  129  8:14  Pylon  
  129  8:15  Protoss Ground Weapons Level 2 (Chrono Boost)  
  129  8:17  Pylon  
  129  8:19  Pylon x2  
  130  8:20  Pylon  
  130  8:31  Immortal  
  130  8:32  Zealot x2  
  138  8:38  Nexus  
  138  8:39  Pylon  
  138  8:47  Pylon  
  138  8:54  Blink  
  138  8:57  Probe  
  139  9:05  Zealot x6  
  139  9:08  Gateway  
  139  9:09  Gateway  
  151  9:12  Shield Battery  
  150  9:19  Warp Prism (Chrono Boost)  
  148  9:32  Gateway  
  148  9:34  Gateway  
  148  9:35  Gateway, Zealot x3, Pylon  
  154  9:38  Gateway  
  154  9:39  Gateway, Probe x2  
  154  9:44  Protoss Ground Armor Level 2 (Chrono Boost)  
  156  9:47  Stalker x3  
  160  10:04  Disruptor  
  164  10:07  Robotics Facility  
  164  10:08  Probe  
  164  10:10  Shield Battery  
  164  10:11  Stalker x3  
  170  10:21  Nexus  
  170  10:22  Protoss Ground Weapons Level 3 (Chrono Boost)  
  170  10:26  Pylon  
  170  10:28  Photon Cannon  
  170  10:32  Gravitic Drive  
  170  10:35  Dark Shrine  
  170  10:41  Stalker x4  
  178  10:43  Probe x2  
  178  10:49  Photon Cannon  
  179  10:52  Observer (Chrono Boost)  
  179  10:53  Shield Battery  
  179  10:54  Robotics Facility  
  184  11:06  Stalker x3  
  190  11:12  Disruptor (Chrono Boost)  
  190  11:19  Zealot x5  
  190  11:25  Assimilator  
  188  11:29  Gravitic Boosters, Disruptor (Chrono Boost)  
  179  11:42  Pylon  
  179  11:44  Disruptor (Chrono Boost)  
  179  11:45  Robotics Facility  
  179  11:46  Assimilator  
  179  11:49  Shadow Stride (Chrono Boost)  
  179  11:50  Assimilator  
  171  12:05  Immortal (Chrono Boost)  
  171  12:06  Nexus  
  179  12:15  Immortal (Chrono Boost)  
  181  12:16  Warp Prism (Chrono Boost)  
  181  12:17  Photon Cannon  
  181  12:19  Pylon  
  173  12:30  Protoss Ground Armor Level 3 (Chrono Boost)  
  171  12:53  Zealot x10  
  171  12:54  Zealot  
  171  12:56  Protoss Shields Level 1 (Chrono Boost)  
  197  13:01  Pylon  
  197  13:04  Immortal (Chrono Boost)  
  197  13:09  Observer (Chrono Boost)  
  200  13:17  Observer x2 (Chrono Boost)  
  198  13:33  Colossus x2 (Chrono Boost)  
  196  13:43  Colossus (Chrono Boost)  
  196  13:47  Stalker x2  
  183  14:19  Zealot x9  
  183  14:20  Zealot x2  
  181  14:25  Immortal x3 (Chrono Boost)  
  183  14:39  Sentry  
  183  14:40  Stalker x2  
  183  14:41  Zealot x5  
  183  14:44  Colossus (Chrono Boost)  
  199  14:57  Nexus  
  199  14:59  Pylon  
  167  15:14  Observer  
  167  15:15  Stalker x12  
  167  15:18  Colossus  
  167  15:20  Observer  
  151  15:43  Zealot x4, Stalker x6  
  151  15:44  Sentry  
  173  15:54  Zealot  
  165  16:12  Zealot x6  
  165  16:13  Zealot x5  
  182  16:31  Observer  
  182  16:33  Dark Templar x7  
  182  16:38  Dark Templar x2  
  196  16:46  Warp Prism (Chrono Boost)  
  198  16:52  Warp Prism (Chrono Boost)  
  200  17:13  Nexus  
  200  17:16  Unknown  
  200  17:21  Zealot  
  200  17:22  Zealot x11  
  137  17:35  Protoss Shields Level 2  
  129  17:38  Pylon  
  123  17:47  Stalker x6  
  123  17:48  Sentry, Stalker x2  
  123  17:49  Zealot  
  139  17:54  Stalker x2  
  138  18:26  Zealot x5, Stalker x5  
  138  18:27  Zealot x2  
  144  18:34  Colossus x2 (Chrono Boost)  
  153  18:48  Stalker x4  
  157  19:05  Zealot x6  
  166  19:21  Disruptor x2 (Chrono Boost)  
  174  19:25  Disruptor  
  174  19:27  Nexus  
  174  19:29  Disruptor  
  157  19:50  Stalker x4  
  140  19:57  Zealot x3, Stalker  
  112  20:07  Stalker x2  
  112  20:08  Zealot